Map: Orbital Shipyard

Players

Bones

  • Race: Protoss Protoss
  • League: Master

qxc - Winner!

  • Race: Terran Terran
  • League: Master

Event: ASL Season 5 Prime League LOTV Beta

VOD

Have the link to the VOD?

Description

Time

  • Played on: Sept. 3, 2015, 9:16 p.m.
  • Length: 18:18

All games in this series

Show
View Real Time Build Order
Export as new Build Order

Bones Protoss 

Build Orders: Oracle Opening 

Get SALT Encoding   

  12  0:00  Probe (Chrono Boost)  
  13  0:11  Probe (Chrono Boost)  
  14  0:17  Pylon  
  14  0:21  Probe (Chrono Boost)  
  15  0:35  Probe (Chrono Boost)  
  15  0:36  Gateway  
  16  0:45  Probe (Chrono Boost)  
  16  0:47  Assimilator  
  17  0:51  Assimilator  
  17  0:55  Probe (Chrono Boost)  
  18  1:06  Probe (Chrono Boost)  
  19  1:16  Probe (Chrono Boost)  
  20  1:22  Pylon  
  20  1:26  Cybernetics Core  
  20  1:27  Probe (Chrono Boost)  
  20  1:29  Zealot  
  23  1:40  Probe (Chrono Boost)  
  24  1:50  Probe (Chrono Boost)  
  25  2:06  Adept  
  25  2:07  Mothership Core (Chrono Boost), Warp Gate  
  29  2:20  Nexus  
  29  2:25  Probe (Chrono Boost)  
  30  2:33  Pylon  
  30  2:35  Probe (Chrono Boost)  
  31  2:43  Stargate  
  31  2:51  Adept  
  31  2:53  Probe (Chrono Boost)  
  34  3:03  Probe (Chrono Boost)  
  35  3:06  Pylon  
  35  3:13  Probe (Chrono Boost)  
  36  3:20  Adept  
  36  3:23  Probe (Chrono Boost)  
  39  3:27  Oracle  
  39  3:33  Probe (Chrono Boost)  
  43  3:38  Probe (Chrono Boost)  
  44  3:43  Probe (Chrono Boost)  
  44  3:44  Forge  
  44  3:47  Adept  
  44  3:48  Probe (Chrono Boost)  
  47  3:53  Probe (Chrono Boost)  
  49  3:58  Probe (Chrono Boost)  
  50  4:03  Probe (Chrono Boost)  
  50  4:06  Pylon  
  50  4:08  Probe (Chrono Boost)  
  52  4:13  Probe (Chrono Boost)  
  52  4:15  Pylon  
  53  4:17  Protoss Ground Weapons Level 1 (Chrono Boost)  
  53  4:18  Probe (Chrono Boost), Phoenix  
  53  4:23  Probe (Chrono Boost)  
  57  4:28  Probe (Chrono Boost)  
  57  4:31  Gateway  
  58  4:37  Gateway  
  58  4:38  Pylon  
  58  4:41  Probe (Chrono Boost)  
  58  4:42  Probe (Chrono Boost)  
  58  4:43  Phoenix  
  62  4:48  Assimilator  
  62  4:50  Assimilator  
  62  4:54  Sentry  
  62  4:55  Probe x2 (Chrono Boost)  
  66  5:09  Phoenix  
  66  5:14  Probe x2 (Chrono Boost)  
  70  5:21  Photon Cannon  
  70  5:23  Photon Cannon  
  70  5:30  Phoenix  
  70  5:31  Nexus  
  70  5:32  Probe x2  
  74  5:42  Pylon  
  74  5:44  Pylon  
  74  5:50  Adept x2  
  74  5:51  Adept  
  74  5:52  Phoenix  
  74  5:53  Probe x2  
  77  6:13  Phoenix  
  77  6:16  Probe x2  
  79  6:24  Twilight Council  
  79  6:26  Forge  
  79  6:28  Probe x2  
  81  6:40  Probe x2  
  81  6:42  Phoenix  
  85  6:48  Probe  
  85  6:52  Probe x2  
  85  6:53  Photon Cannon  
  88  6:55  Protoss Ground Weapons Level 2 (Chrono Boost)  
  88  6:56  Protoss Ground Armor Level 1 (Chrono Boost)  
  88  7:00  Probe  
  89  7:04  Probe x2  
  91  7:12  Probe  
  92  7:16  Probe x2, Assimilator  
  92  7:17  Assimilator  
  92  7:19  Adept x3  
  92  7:20  Robotics Facility  
  100  7:23  Phoenix  
  100  7:24  Probe  
  100  7:26  Pylon  
  100  7:28  Probe  
  100  7:29  Probe  
  105  7:36  Pylon  
  105  7:44  Shield Upgrade  
  107  7:54  Adept x3  
  107  7:58  Gateway  
  111  8:02  Gateway  
  111  8:04  Templar Archives, Pylon  
  111  8:12  Observer  
  112  8:21  Gateway, Adept x3  
  112  8:23  Gateway  
  118  8:29  Gateway  
  118  8:30  Gateway  
  118  8:33  Gateway, Warp Prism  
  120  8:36  Gateway  
  120  8:43  Adept  
  120  8:44  Adept x2  
  126  8:52  Charge  
  126  8:58  Adept  
  126  8:59  Adept  
  130  9:02  Photon Cannon  
  130  9:08  Adept x3, Pylon x2  
  136  9:23  Pylon  
  136  9:26  Protoss Ground Weapons Level 3 (Chrono Boost)  
  136  9:28  Protoss Ground Armor Level 2 (Chrono Boost), Adept x7  
  136  9:29  Adept x2, Psionic Storm  
  133  10:01  Adept x4  
  133  10:02  Adept x6  
  153  10:07  Nexus  
  153  10:09  Pylon  
  153  10:13  Observer  
  137  10:27  Adept x6  
  137  10:28  Adept x3  
  133  10:29  Adept  
  101  10:47  High Templar x2, Photon Cannon  
  101  10:48  Immortal (Chrono Boost), High Templar x2  
  101  10:49  Pylon  
  103  10:55  Sentry x2  
  103  10:56  Adept x2  
  103  10:57  Adept  
  105  11:05  Pylon  
  105  11:08  Assimilator  
  105  11:14  Assimilator  
  105  11:25  Adept  
  105  11:26  Immortal (Chrono Boost), Adept x6  
  105  11:29  Protoss Ground Armor Level 3  
  123  11:36  Protoss Shields Level 1  
  123  11:37  Photon Cannon  
  123  11:40  Adept x2  
  127  11:52  Pylon  
  127  11:54  Blink  
  127  12:02  Pylon  
  127  12:03  Immortal (Chrono Boost)  
  130  12:10  Adept x5  
  130  12:11  High Templar  
  130  12:14  High Templar  
  109  12:28  Archon  
  107  12:31  Probe x3  
  93  12:42  Probe  
  93  12:43  Probe x3  
  93  12:44  Photon Cannon  
  90  12:51  Immortal (Chrono Boost)  
  88  12:54  Adept  
  88  12:55  Adept x3  
  97  13:00  High Templar x3  
  97  13:01  High Templar  
  97  13:05  Probe x3  
  108  13:08  Archon x2  
  108  13:11  Probe, Photon Cannon  
  109  13:13  Dark Shrine  
  109  13:17  Probe x2  
  111  13:23  Warp Prism (Chrono Boost)  
  113  13:35  High Templar x3  
  113  13:36  High Templar  
  113  13:37  Adept x5  
  113  13:39  Archon x2  
  131  13:43  Phoenix  
  120  14:05  Adept x3  
  120  14:06  Adept x4  
  100  14:26  Stalker x4  
  100  14:28  Stalker  
  110  14:35  Probe x2  
  110  14:36  Probe x2  
  112  14:59  High Templar x5  
  122  15:00  High Templar  
  122  15:03  Archon x3  
  124  15:07  Photon Cannon  
  122  15:34  Adept x3  
  122  15:35  Adept x5  
  132  15:36  Adept x3  
  132  15:39  Archon  
  112  16:03  Adept x9  
  112  16:04  Adept x2  
  94  16:26  Dark Templar  
  94  16:27  Dark Templar  
  94  16:30  Dark Templar  
  94  16:32  Dark Templar  
  100  16:54  High Templar x4  
  104  16:55  Immortal (Chrono Boost)  
  110  17:06  Stalker x5  
  118  17:10  Nexus  
  111  17:24  Probe x2  
  111  17:25  Probe x2  
  111  17:28  Pylon  
  115  17:34  High Templar  
  115  17:35  High Templar  
  115  17:36  Probe  
  108  17:37  Archon  
  98  17:47  Adept x3  
Show
View Real Time Build Order
Export as new Build Order

qxc Terran - Winner!

Build Orders: MMM Bio 

Get SALT Encoding   

  12  0:00  SCV  
  13  0:12  SCV  
  14  0:17  Supply Depot  
  14  0:25  SCV  
  15  0:39  SCV  
  15  0:40  Barracks  
  16  0:44  Refinery  
  16  0:51  SCV  
  17  1:03  SCV  
  18  1:15  SCV  
  19  1:27  Barracks Reactor  
  19  1:28  Orbital Command  
  19  1:40  Command Center  
  19  1:55  Supply Depot  
  19  1:59  SCV  
  20  2:04  Marine x2  
  22  2:14  Factory  
  22  2:16  SCV  
  22  2:22  Marine  
  24  2:24  Marine  
  24  2:28  SCV  
  26  2:38  Bunker  
  26  2:40  SCV, Marine  
  26  2:41  Marine  
  29  2:52  SCV  
  29  2:57  Factory Tech Lab, Marine  
  31  2:59  Marine  
  31  3:01  Orbital Command  
  31  3:04  SCV  
  33  3:08  Refinery  
  33  3:16  SCV, Cyclone  
  33  3:19  Marine  
  38  3:21  Marine  
  39  3:27  Supply Depot  
  39  3:28  SCV  
  39  3:29  SCV  
  41  3:38  Marine  
  41  3:39  Marine  
  41  3:41  SCV x2  
  43  3:46  Supply Depot  
  44  3:49  Cyclone  
  44  3:53  SCV  
  48  3:56  Marine  
  48  3:57  Marine  
  48  3:59  SCV  
  51  4:05  SCV  
  51  4:07  Mag-Field Accelerator  
  52  4:11  SCV, Barracks  
  52  4:14  Marine x2  
  55  4:17  SCV  
  55  4:20  Supply Depot  
  55  4:23  SCV  
  57  4:26  Engineering Bay  
  57  4:29  SCV  
  58  4:32  Marine x2  
  58  4:35  SCV  
  61  4:41  SCV  
  61  4:42  Cyclone  
  65  4:46  Supply Depot  
  65  4:47  SCV  
  65  4:48  Barracks  
  66  4:53  SCV, Missile Turret  
  66  4:59  SCV, Missile Turret  
  68  5:00  Barracks Tech Lab  
  68  5:01  Marine x2  
  70  5:07  Missile Turret  
  70  5:08  SCV  
  70  5:12  SCV  
  72  5:18  Marine x2  
  72  5:20  SCV  
  78  5:21  Widow Mine  
  78  5:22  Stimpack  
  78  5:24  SCV  
  78  5:32  Supply Depot  
  78  5:34  Supply Depot  
  78  5:35  Marine  
  78  5:36  SCV x2, Barracks Tech Lab, Marine x2  
  78  5:37  Supply Depot  
  83  5:43  Terran Infantry Weapons Level 1  
  83  5:47  Command Center  
  83  5:48  SCV  
  83  5:49  SCV  
  85  6:00  SCV, Starport  
  84  6:04  SCV  
  76  6:12  SCV  
  76  6:13  Marine x2  
  76  6:14  Marauder x2  
  76  6:17  SCV  
  71  6:19  Factory Reactor  
  71  6:24  SCV  
  71  6:28  Refinery  
  71  6:29  SCV, Refinery  
  71  6:31  Combat Shields  
  71  6:32  Barracks  
  72  6:35  Barracks  
  72  6:36  SCV  
  72  6:37  Marauder, Marine x2  
  72  6:38  Marauder  
  78  6:41  SCV  
  79  6:48  SCV  
  79  6:53  SCV  
  79  6:54  Marine  
  79  6:55  Marine  
  79  6:59  Medivac  
  79  7:00  SCV  
  87  7:03  Medivac, Marine x2  
  87  7:05  SCV  
  87  7:08  Command Center  
  87  7:13  SCV  
  87  7:14  Marine x2  
  89  7:17  SCV  
  89  7:21  Marauder x2  
  89  7:22  Marauder  
  97  7:23  Barracks Reactor  
  97  7:25  SCV  
  97  7:26  Factory Reactor  
  97  7:28  Supply Depot  
  97  7:29  SCV  
  98  7:32  Missile Turret  
  98  7:34  Missile Turret  
  98  7:36  Missile Turret, Marine x2  
  101  7:37  SCV  
  101  7:39  Medivac  
  101  7:40  Orbital Command  
  101  7:41  SCV  
  101  7:42  Marine  
  101  7:43  Marauder  
  104  7:49  SCV  
  104  7:53  SCV  
  104  7:56  Medivac  
  104  7:57  Marauder, Marine x2  
  111  8:01  Terran Infantry Armor Level 1, Ghost Academy, Marauder  
  114  8:09  Armory, Engineering Bay  
  114  8:10  Marauder, Marine x2  
  120  8:13  Widow Mine x2  
  121  8:31  Medivac  
  121  8:34  Refinery  
  123  8:35  Refinery  
  123  8:38  Barracks  
  123  8:40  Barracks  
  121  8:43  Widow Mine x2  
  121  8:44  Supply Depot  
  121  8:45  Supply Depot  
  121  8:46  Supply Depot  
  121  8:47  Missile Turret  
  125  8:49  Marauder, Marine x3  
  125  8:50  Marauder, Marine  
  132  8:58  Terran Infantry Weapons Level 2  
  132  9:04  SCV x3  
  132  9:07  Marine x2  
  132  9:08  Marauder  
  139  9:11  Marauder  
  139  9:14  Planetary Fortress  
  139  9:15  Widow Mine  
  139  9:16  SCV x2, Marine x2, Widow Mine  
  151  9:17  Marauder  
  151  9:18  SCV  
  152  9:26  Marine x2  
  152  9:27  Missile Turret  
  152  9:28  SCV x2  
  152  9:29  Barracks Tech Lab x2, Marauder  
  152  9:30  Missile Turret  
  158  9:32  Marauder  
  158  9:33  SCV, Missile Turret  
  158  9:37  Missile Turret  
  161  9:39  Missile Turret  
  161  9:40  SCV  
  161  9:44  Widow Mine  
  161  9:45  Widow Mine  
  151  9:54  Marine  
  151  9:55  Marauder x2, Marine x2  
  151  9:56  Concussive Shells  
  150  10:00  SCV  
  150  10:03  Marauder x2, Marine x2  
  156  10:10  Ghost Academy, Medivac x2  
  156  10:12  Command Center, Widow Mine, Marine  
  163  10:15  Marine x2  
  163  10:17  Marauder  
  163  10:18  Marauder  
  163  10:23  Widow Mine  
  163  10:27  Marine  
  163  10:28  Marauder x2  
  159  10:32  Marauder, Marine  
  159  10:33  Marine x2  
  140  10:39  Marauder, Marine  
  140  10:40  Medivac x2  
  140  10:41  Widow Mine  
  143  10:45  Marine  
  143  10:49  Marauder, Marine  
  137  10:50  Marine, Terran Infantry Armor Level 2  
  137  10:51  Marine x2  
  137  10:52  Widow Mine  
  137  10:54  Marauder  
  140  10:57  Marauder  
  140  11:01  Orbital Command  
  140  11:03  Marine  
  145  11:05  Ghost  
  145  11:06  Marine  
  145  11:07  Marine  
  145  11:08  Marine  
  145  11:09  Widow Mine, Marine  
  145  11:10  Ghost  
  153  11:14  Refinery  
  153  11:15  Refinery, Marauder  
  153  11:18  Ghost  
  157  11:24  Marine, Ghost, Liberator  
  160  11:25  Marine  
  160  11:34  Ghost  
  160  11:36  Orbital Command  
  162  11:44  Marine x4  
  162  11:45  Command Center, Marauder  
  171  11:58  Ghost, Marine x2  
  172  12:18  Ghost x2  
  172  12:19  Marine x2  
  172  12:21  Widow Mine  
  175  12:27  Missile Turret  
  175  12:31  Ghost, Marine x2  
  169  12:37  Command Center  
  169  12:40  Marine x2  
  169  12:41  Marine x2  
  158  12:48  Liberator  
  149  12:52  Planetary Fortress  
  149  12:55  Refinery  
  139  13:00  Refinery  
  139  13:01  Command Center  
  137  13:09  Widow Mine  
  137  13:10  Widow Mine  
  144  13:21  Command Center  
  144  13:24  Marauder x3, Marine x4  
  154  13:35  Marauder x2  
  154  13:38  Widow Mine x2  
  162  13:41  Barracks  
  162  13:42  Barracks, Marine x3  
  162  13:43  Planetary Fortress, Barracks  
  162  13:44  Marine  
  162  13:45  Marauder  
  162  13:46  Marauder x2  
  162  13:47  Missile Turret  
  172  13:52  Missile Turret  
  172  13:56  Marine  
  172  13:57  Marauder  
  172  13:59  Marine  
  172  14:00  Marine x2  
  178  14:07  Liberator x2, Marauder x2  
  168  14:24  Widow Mine x2  
  163  14:26  Marauder x3, Marine x4  
  163  14:28  Marauder  
  185  14:35  Planetary Fortress  
  185  14:37  Refinery, Marauder  
  184  14:38  Marine  
  184  14:39  Refinery, Marine x2  
  184  14:44  Marine x4  
  191  14:47  Marauder x2, Marine  
  191  14:49  Marine  
  191  14:51  Refinery  
  191  14:52  Refinery  
  197  14:55  Orbital Command  
  197  14:56  Marine x2  
  197  15:00  Marauder, Marine  
  197  15:02  Widow Mine, Marine  
  199  15:09  Marine  
  199  15:12  Orbital Command  
  199  15:13  Marauder, Orbital Command, Marine  
  200  15:16  Orbital Command  
  198  15:22  Orbital Command  
  198  15:23  Liberator x2  
  198  15:26  Marauder x2, Marine x2  
  178  15:35  Marauder x3, Marine x3  
  176  15:36  Widow Mine x2, Marine x2  
  189  15:44  Marine x2  
  189  15:48  Marauder x2  
  192  15:53  Marine x3  
  192  15:54  Marine  
  192  15:56  Marauder  
  192  15:57  Marauder  
  187  16:05  Marauder, Marine x2, Widow Mine x2  
  187  16:06  Marine  
  187  16:09  Personal Cloaking, Marauder x2  
  187  16:11  Marine x3  
  190  16:13  Marine  
  190  16:18  Marauder x2  
  189  16:21  Refinery  
  189  16:23  Marine x2  
  189  16:24  Marine  
  192  16:26  Marauder  
  192  16:28  Marine x2  
  192  16:29  Marine  
  192  16:30  Marauder, Marine  
  192  16:32  Barracks Tech Lab  
  200  16:34  Missile Turret  
  200  16:37  Planetary Fortress  
  199  16:43  Marine  
  200  16:48  Missile Turret  
  200  16:51  Marine x2  
  199  17:03  Marauder  
  199  17:05  Barracks Tech Lab  
  199  17:06  Barracks Tech Lab  
  199  17:13  Missile Turret  
  195  17:15  Marine  
  195  17:16  Marauder x3  
  195  17:21  Missile Turret  
  200  17:31  Refinery x2  
  199  17:41  Widow Mine, Marauder x2  
  199  17:42  Widow Mine  
  200  17:54  Command Center  
  200  17:55  Command Center, Barracks  
  200  17:56  Marauder  
  200  17:58  Barracks  
  200  17:59  Starport  
Tags
 
Add a new tag
Caveats
  • Supply blocks, unpowered buildings, or Contaminate may cause inaccurate times.
  • Supply counts are checked every 10 seconds.